 Dungeon Crawl Stone Soup version 0.30-a0-1085-g990a428a5c (webtiles) character file.

Game seed: 12838518341126174754

855 FexLirch the Sneak (level 8, -4/36 HPs)
             Began as a Vine Stalker Enchanter on Apr 16, 2023.
             Was an Initiate of Dithmenos.
             Slain by an ogre
             ... wielding a +0 giant club
              (12 damage)
             ... on level 5 of the Dungeon.
             The game lasted 00:17:34 (4675 turns).

FexLirch the Sneak (Vine Stalker Enchanter)         Turns: 4675, Time: 00:17:35

Health: -4/36      AC:  6    Str: 11    XL:     8   Next: 1%
Magic:  0/21       EV: 11    Int: 21    God:    Dithmenos [......]
Gold:   69         SH:  0    Dex: 15    Spells: 3/11 levels left

rFire   . . .      SeeInvis .    f - +1 dagger (flame)
rCold   . . .      Faith    .    (no shield)
rNeg    . . .      Spirit   +    m - +0 leather armour
rPois   .          Reflect  .    u - +0 helmet
rElec   .          Rampage  .    G - +0 cloak
rCorr   .                        j - +0 pair of gloves
Will    +....                    (no boots)
Stlth   +++                      (no amulet)
HPRegen 1.06/turn                h - +6 ring of intelligence
MPRegen 0.17/turn                k - ring of magical power

@: about to teleport, very slightly contaminated
A: fangs 3, regeneration 1, magic shield, antimagic bite, no potion heal 2,
hooves 1, clumsy 1
a: Renounce Religion


You were on level 5 of the Dungeon.
You worshipped Dithmenos.
Dithmenos was noncommittal.
You visited 2 branches of the dungeon, and saw 6 of its levels.

You collected 250 gold pieces.
You spent 181 gold pieces at shops.

Inventory:

Hand Weapons
 a - a +1 dagger
 e - a +0 sling
 f - a +1 dagger of flaming (weapon)
 g - a +1 dagger of freezing
 i - a +0 long sword
 y - a +1 dagger of protection
 z - a +0 longbow
 C - a +1 dagger of venom
Missiles
 o - 5 javelins
 x - 24 stones
 E - 6 poisoned darts
Armour
 j - a +0 pair of gloves (worn)
 m - a +0 leather armour (worn)
 u - a +0 helmet (worn)
 G - a +0 cloak (worn)
Jewellery
 h - a +6 ring of intelligence (left hand)
 k - a ring of magical power (right hand)
 I - a ring of protection from cold
Scrolls
 b - a scroll of acquirement {unknown}
 d - a scroll of noise {unknown}
 n - a scroll of amnesia
 q - 4 scrolls of teleportation
 r - 3 scrolls of magic mapping
 s - a scroll of poison
 v - a scroll of fear {unknown}
 A - a scroll of immolation
 B - a scroll of vulnerability {unknown}
 D - a scroll of silence
 H - a scroll of brand weapon {unknown}
Potions
 c - 2 potions of invisibility
 l - a potion of haste
 p - a potion of brilliance
 t - a potion of mutation
 w - 3 potions of curing
 F - a potion of flight {unknown}


   Skills:
 * Level 6.0 Short Blades
 - Level 1.5 Dodging
 + Level 7.0 Stealth
 - Level 2.1 Spellcasting
 - Level 3.0 Hexes
 + Level 3.1 Ice Magic


You had 3 spell levels left.
You knew the following spells:

 Your Spells              Type           Power      Damage    Failure   Level
a - Ensorcelled Hibernat  Hex/Ice        30%        N/A       9%          2
b - Confusing Touch       Hex            14%        N/A       17%         3
c - Tukima's Dance        Hex            14%        N/A       17%         3

Your spell library contained the following spells:

 Spells                   Type           Power      Damage    Failure   Level
 Freeze                   Ice            60%        1d7       5%          1
 Frozen Ramparts          Ice            30%        1d5       16%         3
 Dazzling Flash           Conj/Hex       16%        N/A       30%         3
 Hailstorm                Conj/Ice       8%         3d4       30%         3


Dungeon Overview and Level Annotations

Branches:
Dungeon (5/15)             Temple (1/1) D:4

Altars:
Ashenzari
Dithmenos
Gozag
Kikubaaqudgha
Makhleb
Nemelex Xobeh
Okawaru
Sif Muna
Uskayaw
Wu Jian
Yredelemnul
Lugonu

Shops:
D:4 *   D:5 *?[

Annotations:
D:5 exclusion: black bear


Innate Abilities, Weirdness & Mutations

You have razor-sharp teeth.
Your natural rate of healing is unusually fast.
When hurt, damage is shared between your health and your magic reserves.
Your bite disrupts and absorbs the magic of your enemies.
Potions cannot restore your health.
You have large cloven feet.
You are clumsy. (Dex -2)


Message History

I - a ring of protection from cold
As you read the scroll of identify, it crumbles to dust.
D - a scroll of silence Really quaff the potion of mutation?
You feel extremely strange.
Your feet thicken and deform.
You feel clumsy.
Unknown command.
Found a scroll labelled HAPAIK BODDOPS.
H - a scroll labelled HAPAIK BODDOPS
Found Fiupreibb's Armour Emporium.
An ogre comes into view. It is wielding a +0 giant club.
There is an entrance to Fiupreibb's Armour Emporium here.
The ogre shouts!
The ogre hits you with a +0 giant club.
Casting: Ensorcelled Hibernation (safe; 9% risk of failure)
Confirm with . or Enter, or press ? or * to list all spells.
Aiming: Ensorcelled Hibernation (safe; 9% risk of failure)
Press: ? - help, Shift-Dir - straight line, f - ogre
Aim: an ogre, wielding a +0 giant club (chance to affect: 49%)
You miscast Ensorcelled Hibernation.
You are very lightly contaminated with residual magic.
Nothing appears to happen.
The ogre hits you with a +0 giant club!
Casting: Ensorcelled Hibernation (safe; 9% risk of failure)
Confirm with . or Enter, or press ? or * to list all spells.
Aiming: Ensorcelled Hibernation (safe; 9% risk of failure)
Press: ? - help, Shift-Dir - straight line, f/p - ogre
Aim: an ogre, wielding a +0 giant club (chance to affect: 49%)
The ogre resists with some effort.
Casting: Ensorcelled Hibernation (safe; 9% risk of failure)
Confirm with . or Enter, or press ? or * to list all spells.
Aiming: Ensorcelled Hibernation (safe; 9% risk of failure)
Press: ? - help, Shift-Dir - straight line, f/p - ogre
Aim: an ogre, wielding a +0 giant club (chance to affect: 49%)
The ogre resists with some effort.
The ogre hits you with a +0 giant club!!
Ouch! That really hurt!
* * * LOW HITPOINT WARNING * * *
As you read the scroll of teleportation, it crumbles to dust.
You feel strangely unstable. The ogre hits you with a +0 giant club!
You die...

#.# #.# #.#
#.# #.# #.#
#.# #.# ..#
#########.#
###
#.........#
##.#########
#########..#
#....O@..∩.#
#.##########


You could see an ogre.

Vanquished Creatures
  Edmund (D:5)
  A sky beast (D:5)
  An ogre (D:5)
  2 scorpions
  An orc priest (D:4)
  4 hounds
  An orc wizard (D:4)
  A sleepcap (D:4)
  2 iguanas (D:5)
  Robin (D:3)
  A gnoll (D:1)
  8 adders
  A white imp (D:5)
  10 dart slugs
  4 orcs (D:4)
  5 endoplasms
  3 giant cockroaches
  17 goblins
  10 hobgoblins
  5 quokkas
  7 ball pythons
  7 bats
  3 frilled lizards
  6 kobolds
  3 rats
105 creatures vanquished.

Notes
Turn   | Place    | Note
-------+----------+-------------------------------------------
     0 | D:1      | FexLirch the Vine Stalker Enchanter began the quest for the
                  | Orb.
     0 | D:1      | Reached XP level 1. HP: 9/9 MP: 4/4
    47 | D:1      | Reached skill level 1 in Short Blades
   145 | D:1      | Reached XP level 2. HP: 8/13 MP: 3/6
   203 | D:1      | Learned a level 2 spell: Ensorcelled Hibernation
   244 | D:1      | Reached skill level 4 in Stealth
   450 | D:1      | Reached XP level 3. HP: 16/16 MP: 4/7
  1340 | D:2      | Gained mutation: Your natural rate of healing is unusually
                  | fast. [Vine Stalker growth]
  1340 | D:2      | Reached XP level 4. HP: 12/21 MP: 4/8
  1859 | D:3      | Noticed Robin
  1860 | D:3      | Killed Robin
  1987 | D:3      | Learned a level 3 spell: Confusing Touch
  2050 | D:3      | Reached skill level 5 in Stealth
  2050 | D:3      | Reached XP level 5. HP: 24/24 MP: 9/9
  2409 | D:3      | Found a hide-covered altar of Uskayaw.
  2767 | D:3      | Learned a level 3 spell: Tukima's Dance
  2976 | D:4      | Found a staircase to the Ecumenical Temple.
  3005 | D:4      | Reached XP level 6. HP: 28/28 MP: 10/10
  3009 | Temple   | Entered the Ecumenical Temple
  3035 | Temple   | Became a worshipper of Dithmenos the Shadowed
  3123 | D:4      | Reached skill level 1 in Ice Magic
  3155 | D:4      | Found a broken altar of Ashenzari.
  3488 | D:4      | Found Asoiw's Assorted Antiques.
  3669 | D:5      | Entered Level 5 of the Dungeon
  3677 | D:5      | Noticed a black bear
  3684 | D:5      | Found Zelluud's Assorted Antiques.
  3685 | D:5      | Noticed Edmund
  3701 | D:5      | Killed Edmund
  3702 | D:5      | Reached skill level 5 in Short Blades
  3702 | D:5      | Reached skill level 6 in Stealth
  3702 | D:5      | Reached XP level 7. HP: 32/32 MP: 11/11
  3828 | D:5      | Found Boyggikk's Magic Scroll Shop.
  3831 | D:5      | Bought a scroll of magic mapping for 82 gold pieces
  3831 | D:5      | Bought a scroll of identify for 22 gold pieces
  3831 | D:5      | Bought a scroll of teleportation for 33 gold pieces
  3831 | D:5      | Bought a scroll of amnesia for 44 gold pieces
  4323 | D:5      | Found a sparkling altar of Nemelex Xobeh.
  4349 | D:5      | Reached skill level 7 in Stealth
  4349 | D:5      | Gained mutation: You have razor-sharp teeth. [Vine Stalker
                  | growth]
  4349 | D:5      | Reached XP level 8. HP: 33/36 MP: 12/12
  4614 | D:5      | Gained mutation: You have large cloven feet. [potion of
                  | mutation]
  4614 | D:5      | Gained mutation: You are clumsy. (Dex -2) [potion of
                  | mutation]
  4664 | D:5      | Found Fiupreibb's Armour Emporium.
  4675 | D:5      | Slain by an ogre

Illustrated notes

Levels and vault maps discovered:
D:1:      amcnicky_arrival_wind_blow, layout_basic
D:2:      layout_rooms
D:3:      kennysheep_slugbush, layout_rooms, lemuel_tele_altar, uniq_robin
D:4:      layout_loops_ring, cheibrodos_ashenzari_chains, temple_fountains,
          serial_shops, shop
D:5:      layout_basic, lemuel_round_altar, serial_shops,
          nicolae_shop_hallway_plus, nicolae_shop_rolled_up, shop, uniq_edmund
Temple:   corrupted_temple

Skill      XL: |  1  2  3  4  5  6  7 |
---------------+----------------------+-----
Short Blades   | 1 2 3 4 5 6 |  6.0
Stealth        | 4 5 6 7 |  7.0
Ice Magic      | 2 3 |  3.1
Dodging        | |  1.5
Spellcasting   | |  2.1
Hexes          | |  3.0

Action                     |  1- 3 |  4- 6 |  7- 9 || total
---------------------------+-------+-------+-------++-------
  Melee: Dagger            |    41 |   147 |    33 ||   221
         Bite              |     6 |    37 |     7 ||    50
         Punch             |       |       |     1 ||     1
   Fire: Sling             |     8 |       |       ||     8
  Throw: Javelin           |       |     5 |       ||     5
   Cast: Ensorcelled Hiber |    18 |    45 |    10 ||    73
         Confusing Touch   |       |     2 |     1 ||     3
    Use: Scroll            |       |       |     9 ||     9
         Potion            |       |       |     1 ||     1
   Stab: Sleeping          |    14 |    34 |     7 ||    55
         Distracted        |       |     1 |       ||     1
         Confused          |       |     1 |     1 ||     2
 Armour: Robe              |     3 |       |       ||     3
         Leather armour    |     3 |    53 |     5 ||    61
  Dodge: Dodged            |    28 |    85 |    17 ||   130

Table legend: (Time is in decaauts)
 A = Elapsed time spent in this place.
 B = Non-inter-level travel time spent in this place.
 C = Inter-level travel time spent in this place.
 D = Time resting spent in this place.
 E = Time spent auto-exploring this place.
 F = Levels seen in this place.
 G = Mean time per level.
                   A        B        C        D        E       F      G
               +--------+--------+--------+--------+--------+-----+--------+
         Total |   4642 |   4383 |    259 |    213 |   2921 |   6 |  773.7 |
       Dungeon |   4599 |   4355 |    244 |    213 |   2921 |   5 |  919.8 |
        Temple |     42 |     27 |     15 |      0 |      0 |   1 |   42.0 |
               +--------+--------+--------+--------+--------+-----+--------+

Top non-repeatable levels by time:
     D:1: 1133 daAuts
     D:5: 996 daAuts
     D:4: 851 daAuts
     D:3: 815 daAuts
     D:2: 802 daAuts
  Temple: 42 daAuts
